 Dungeon Crawl Stone Soup version 0.28.0-53-g5a82cb258f (webtiles) character file.

Game seed: 14743031691278121535

3106 Gabide the Spear-Bearer (level 9, 0/60 HPs)
             Began as a Tengu Monk on June 17, 2022.
             Was a Priest of Dithmenos.
             Succumbed to a gnoll sergeant's poison
             ... on level 6 of the Dungeon.
             The game lasted 00:13:05 (8814 turns).

Gabide the Spear-Bearer (Tengu Monk)                Turns: 8814, Time: 00:13:06

Health: 0/60       AC:  9    Str: 11 (12) XL:     9   Next: 90%
Magic:  4/10       EV: 18    Int:  9 (10) God:    Dithmenos [***...]
Gold:   125        SH:  0    Dex: 18 (21) Spells: 8/8 levels left

rFire   . . .      SeeInvis +   e - +0 trident
rCold   + . .      Faith    .   (no shield)
rNeg    + . .      Spirit   +   y - +3 ring mail of Honuimm {Harm SInv}
rPois   .          Reflect  .   (helmet restricted)
rElec   .          Harm     +   (no cloak)
rCorr   .          Rampage  .   k - +0 pair of gloves
Will    .....                   (boots unavailable)
Stlth   ++........              u - amulet of guardian spirit
HPRegen 0.20/turn               o - ring of protection from cold
MPRegen 0.12/turn               b - ring of positive energy

@: lethally poisoned (0 -> -19), flying quickly and evasively, wreathed by
umbra, quick
A: beak, talons 3, nimble flight
a: Renounce Religion, Shadow Step


You were on level 6 of the Dungeon.
You worshipped Dithmenos.
Dithmenos was most pleased with you.
You visited 2 branches of the dungeon, and saw 8 of its levels.

You collected 386 gold pieces.
You spent 261 gold pieces at shops.

Inventory:

Hand Weapons
 a - a +1 spear
 e - a +0 trident (weapon)
Missiles
 s - 5 poisoned darts (quivered)
Armour
 k - a +0 pair of gloves (worn)
 y - the +3 ring mail of Honuimm (worn) {Harm SInv}
   (You bought it in a shop on level 6 of the Dungeon)

   SInv:      It lets you see invisible.
   Harm:      It increases damage dealt and taken.
Jewellery
 b - a ring of positive energy (right hand)
 o - a ring of protection from cold (left hand)
 q - a ring of fire
 u - an amulet of guardian spirit (around neck)
Scrolls
 f - 2 scrolls of enchant weapon
 g - 2 scrolls of identify
 j - 3 scrolls of teleportation
 m - a scroll of immolation
 t - a scroll of silence
Potions
 c - a potion of flight {unknown}
 d - a potion of ambrosia
 h - a potion of brilliance
 n - a potion of attraction {unknown}
 p - a potion of curing {unknown}
 r - a potion of degeneration
 v - a potion of magic {unknown}
 w - a potion of might {unknown}
 x - a potion of mutation {unknown}


   Skills:
 + Level 8.4 Fighting
 + Level 9.2 Polearms
 + Level 9.2 Dodging
 - Level 2.0 Stealth


You had 8 spell levels left.
You didn't know any spells.
Your spell library contained the following spells:

 Spells                   Type           Power      Damage    Failure   Level
 Animate Skeleton         Necr           0%         N/A       69%         1
 Apportation              Tloc           0%         N/A       69%         1
 Pain                     Necr           0%         1d4       69%         1
 Summon Small Mammal      Summ           0%         N/A       69%         1
 Stone Arrow              Conj/Erth      0%         3d7       96%         3
 Animate Armour           Summ/Erth      0%         N/A       100%        4
 Agony                    Necr           0%         N/A       100%        5
 Excruciating Wounds      Necr           0%         N/A       100%        5
 Lehudib's Crystal Spear  Conj/Erth      0%         10d2      100%        8


Dungeon Overview and Level Annotations

Branches:
Dungeon (7/15)             Temple (1/1) D:4

Altars:
Ashenzari
Cheibriados
Dithmenos
Elyvilon
Fedhas
Gozag
Hepliaklqana
Kikubaaqudgha
Makhleb
Nemelex Xobeh
Okawaru
Ru
Sif Muna
Trog
Uskayaw
Vehumet
Wu Jian
Xom
Yredelemnul
Zin
The Shining One

Shops:
D:4 [   D:6 *

Annotations:
D:5 1 runed translucent door
D:6 exclusion: boulder beetle


Innate Abilities, Weirdness & Mutations

You have a beak for a mouth.
You have claws for feet.
Your magical nature lets you fly swiftly and evasively.


Message History

You peck the gnoll sergeant, but do no damage.
The gnoll sergeant is lightly wounded.
The gnoll sergeant hits you with a +2 trident of venom!
You closely miss the gnoll sergeant.
You claw the gnoll sergeant, but do no damage.
Your peck misses the gnoll sergeant.
The gnoll sergeant is lightly wounded.
The gnoll sergeant hits you with a +2 trident of venom!
You are poisoned.
You hit the gnoll sergeant but do no damage.
You claw the gnoll sergeant!
The gnoll sergeant is moderately wounded.
You feel very sick.
The gnoll sergeant hits you with a +2 trident of venom.
You are too injured to fight recklessly!
You are too injured to fight recklessly!
You are too injured to fight recklessly!
You are too injured to fight recklessly!
You are too injured to fight recklessly!
You are too injured to fight recklessly!
You are too injured to fight recklessly!
You are too injured to fight recklessly!
You are too injured to fight recklessly!
You are too injured to fight recklessly!
You are too injured to fight recklessly!
You are too injured to fight recklessly!
You are too injured to fight recklessly!
You are too injured to fight recklessly!
You are too injured to fight recklessly!
You are too injured to fight recklessly!
You are too injured to fight recklessly!
You feel very sick.
The gnoll sergeant hits you from afar with a +2 trident of venom!
* * * LOW HITPOINT WARNING * * *
You are more poisoned.
* * * LOW HITPOINT WARNING * * *
You feel very sick.
* * * LOW HITPOINT WARNING * * *
You feel very sick.
You die...

...)....####........###..........
#...##...###.......## #.........#
.##.#..............####.......###
..#.#...............##.....#### #
....#.......#.................###
#..............................>.
###..##.###...##.................
#......#....##.................
#..###....>g..@................
##...........#...#.##........##
#..#.####)..###.###...........
#..#..####.###................
##.....#.####.........#.......
##.........###..##....##.......
##..........##..##.....##.......
#...........##...#.#(###....#..#
###................#........####


You could see a gnoll sergeant.

Vanquished Creatures
  Maggie (D:7)
  Prince Ribbit (D:7)
  A water moccasin (D:7)
  A sky beast (D:5)
  3 black bears
  2 necrophages
  An orc warrior (D:6)
  3 ogres
  2 centaurs
  A gnoll sergeant (D:7)
  A bullfrog (D:7)
  7 scorpions (D:5)
  A water moccasin zombie (D:6)
  A wyvern skeleton (D:7)
  2 water moccasin skeletons
  3 howler monkeys
  A bullfrog zombie (D:5)
  2 hounds
  An orc priest (D:6)
  A centaur skeleton (D:6)
  2 jellies
  2 bullfrog skeletons
  6 iguanas
  An orc wizard (D:5)
  A scorpion zombie (D:5)
  A killer bee zombie (D:7)
  A hound skeleton (D:5)
  7 gnolls
  8 adders
  A white imp (D:5)
  An adder skeleton (D:4)
  A worm (D:5)
  2 dart slugs
  10 orcs
  4 endoplasms
  5 giant cockroaches
  8 goblins
  7 hobgoblins
  6 kobolds
  5 quokkas
  11 ball pythons
  10 bats
  A frilled lizard (D:3)
  A quokka skeleton (D:4)
  5 rats
143 creatures vanquished.

Notes
Turn   | Place    | Note
-------+----------+-------------------------------------------
     0 | D:1      | Gabide the Tengu Monk began the quest for the Orb.
     0 | D:1      | Reached XP level 1. HP: 14/14 MP: 2/2
    72 | D:1      | Reached XP level 2. HP: 2/19 MP: 3/3
  1471 | D:2      | Reached XP level 3. HP: 20/23 MP: 4/4
  1559 | D:2      | Identified the +4 hand axe "Dragonbane" {flame, Fragile
                  | rPois rN+ Stlth+}
  1588 | D:2      | Found a faded altar of an unknown god.
  1844 | D:2      | Reached XP level 4. HP: 26/29 MP: 5/5
  3326 | D:4      | Gained mutation: Your magical nature lets you fly swiftly
                  | and evasively. [Tengu growth]
  3326 | D:4      | Reached XP level 5. HP: 22/33 MP: 6/6
  3518 | D:4      | Found a staircase to the Ecumenical Temple.
  3576 | Temple   | Entered the Ecumenical Temple
  3765 | Temple   | Became a worshipper of Dithmenos the Shadowed
  3765 | Temple   | Reached * piety under Dithmenos
  3765 | Temple   | Reached ** piety under Dithmenos
  3953 | D:4      | Noticed a black bear
  3962 | D:4      | Killed a black bear
  3963 | D:4      | Reached skill level 5 in Polearms
  3963 | D:4      | Reached XP level 6. HP: 26/39 MP: 7/7
  3971 | D:4      | Reached skill level 5 in Dodging
  4096 | D:4      | Noticed a black bear
  4106 | D:4      | Killed a black bear
  4410 | D:4      | Found Voustruc's Armour Boutique.
  4420 | D:4      | Reached skill level 5 in Fighting
  4420 | D:4      | Reached XP level 7. HP: 41/44 MP: 8/8
  4787 | D:5      | Entered Level 5 of the Dungeon
  5115 | D:5      | Reached XP level 8. HP: 51/51 MP: 9/9
  6245 | D:5      | Found a runed translucent door.
  6253 | D:5      | Found a runed translucent door.
  6720 | D:5      | Reached XP level 9. HP: 57/57 MP: 10/10
  6808 | D:6      | Reached *** piety under Dithmenos
  6842 | D:6      | Found Rim Fefo's Assorted Antiques.
  6850 | D:6      | Bought a slimy ring mail for 261 gold pieces
  6850 | D:6      | Identified the +3 ring mail of Honuimm {Harm SInv} (You
                  | bought it in a shop on level 6 of the Dungeon)
  7340 | D:6      | Noticed a boulder beetle
  7983 | D:7      | Noticed Maggie
  8004 | D:7      | Killed Maggie
  8324 | D:7      | Noticed Prince Ribbit
  8343 | D:7      | Killed Prince Ribbit
  8814 | D:6      | Succumbed to a gnoll sergeant's poison

Illustrated notes

Levels and vault maps discovered:
D:1:      dpeg_arrival_leaves_temple_mockup, layout_basic, minmay_pentomino_t2
D:2:      minmay_recursive_quarters, layout_loops_ring,
          dreamdust_ecumenical_altar_hidden_monk_grotto
D:3:      layout_loops_ring, minmay_misc_feat_tiny
D:4:      minmay_inner_zag, layout_loops_ring, temple_hall,
          kennysheep_small_circle
D:5:      lemuel_insect_pit, layout_loops_corners
D:6:      layout_cave_pools, serial_shops, shop
D:7:      layout_basic, uniq_harold, uniq_maggie, uniq_prince_ribbit1,
          uniq_crazy_yiuf_cottage
Temple:   mainiacjoe_temple_archimedes_tessellation

Skill      XL: |  1  2  3  4  5  6  7  8  9 |
---------------+----------------------------+-----
Polearms       | 4 5 6 7 9 |  9.2
Dodging        | 4 5 6 7 9 |  9.2
Fighting       | 4 5 7 8 |  8.4
Stealth        | |  2.0

Action                   |  1- 3 |  4- 6 |  7- 9 || total
-------------------------+-------+-------+-------++-------
Melee: Spear             |   102 |   128 |   316 ||   546
       Peck              |    14 |    20 |    79 ||   113
       Kick              |    12 |    34 |   118 ||   164
       Punch             |     3 |       |     5 ||     8
       Trident           |       |       |    41 ||    41
Throw: Dart              |       |       |     5 ||     5
  Use: Scroll            |       |     5 |     4 ||     9
       Potion            |       |       |     3 ||     3
 Stab: Sleeping          |     5 |     7 |     7 ||    19
       Distracted        |       |     1 |       ||     1
Armor: Robe              |     9 |     1 |       ||    10
       Ring mail         |       |    18 |    28 ||    46
Dodge: Dodged            |    60 |    55 |   191 ||   306
